 Dungeon Crawl Stone Soup version 0.29-a0-289-g2178c42546 (webtiles) character file.

Game seed: 2496431991826872633

11765 Dabor the Protected (level 11, -6/71 HPs)
             Began as a Gargoyle Fighter on Mar 17, 2022.
             Was a High Priest of Okawaru.
             Mangled by an eight-headed hydra (13 damage)
             ... on level 11 of the Dungeon.
             The game lasted 00:28:08 (11474 turns).

Dabor the Protected (Gargoyle Fighter)             Turns: 11474, Time: 00:28:09

Health: -6/71      AC: 18    Str: 23    XL:     11   Next: 82%
Magic:  17/17      EV: 16    Int: 10    God:    Okawaru [*****.]
Gold:   249        SH:  4    Dex:  9    Spells: 10/10 levels left

rFire   . . .      SeeInvis .   s - +4 flail
rCold   . . .      Faith    .   c - +0 buckler
rNeg    + . .      Spirit   .   I - +0 troll leather armour
rPois   ∞          Reflect  .   (no helmet)
rElec   +          Harm     .   (no cloak)
rCorr   .          Rampage  .   z - +2 pair of gloves {hurl}
Will    +....                   y - +0 pair of boots
Stlth   +.........              f - amulet of regeneration
HPRegen 1.81/turn               q - +4 ring of evasion
MPRegen 0.15/turn               r - ring of willpower

@: no status effects
A: sickness immunity, AC +8, negative energy resistance 1, electricity
resistance, torment resistance 1, petrification resistance
a: Renounce Religion, Heroism, Finesse, Duel


You were on level 11 of the Dungeon.
You worshipped Okawaru.
Okawaru was extremely pleased with you.
You visited 1 branch of the dungeon, and saw 11 of its levels.

You collected 589 gold pieces.
You spent 340 gold pieces at shops.

Inventory:

Hand Weapons
 s - a +4 flail (weapon)
Missiles
 u - 29 poisoned darts (quivered)
 D - 4 javelins
 E - a throwing net
 M - 3 datura-tipped darts
Armour
 c - a +0 buckler (worn)
 y - a +0 pair of boots (worn)
 z - a +2 pair of gloves of hurling (worn)
 I - a +0 troll leather armour (worn)
Jewellery
 f - an amulet of regeneration (around neck)
 q - a +4 ring of evasion (left hand)
 r - a ring of willpower (right hand)
 B - a ring of positive energy
Wands
 l - a wand of polymorph (1)
 v - a wand of digging (8)
 K - a wand of iceblast (6)
Scrolls
 d - a scroll of fog
 e - 2 scrolls of identify
 h - 3 scrolls of enchant weapon
 j - 4 scrolls of amnesia
 t - 3 scrolls of magic mapping
 w - 2 scrolls of teleportation
 G - 2 scrolls of enchant armour
 H - a scroll of holy word
 L - a scroll of torment
Potions
 g - 2 potions of brilliance
 k - 2 potions of flight
 n - a potion of cancellation
 A - 2 potions of haste


   Skills:
 + Level 9.4 Fighting
 + Level 8.3 Maces & Flails
 + Level 3.2 Throwing
 + Level 9.5 Armour
 + Level 6.0 Dodging
 - Level 5.0 Shields
 + Level 8.1 Invocations
 + Level 3.2 Evocations


You had 10 spell levels left.
You didn't know any spells.
Your spell library contained the following spells:

 Spells                   Type           Power      Damage    Failure   Level
 Beastly Appendage        Tmut           0%         N/A       50%         1
 Magic Dart               Conj           0%         1d3       50%         1
 Pain                     Necr           0%         1d4       50%         1
 Blink                    Tloc           0%         N/A       63%         2
 Wereblood                Tmut           0%         N/A       63%         2
 Gell's Gravitas          Tloc           0%         N/A       86%         3
 Lesser Beckoning         Tloc           0%         N/A       86%         3
 Mephitic Cloud           Conj/Pois/Air  0%         N/A       86%         3
 Spider Form              Tmut/Pois      0%         N/A       86%         3
 Teleport Other           Tloc           0%         N/A       86%         3
 Anguish                  Hex/Necr       0%         N/A       99%         4
 Fulminant Prism          Conj/Hex       0%         3d6       99%         4
 Iskenderun's Mystic Bla  Conj/Tloc      0%         2d3       99%         4
 Agony                    Necr           0%         N/A       100%        5
 Excruciating Wounds      Necr           0%         N/A       100%        5
 Lee's Rapid Deconstruct  Erth           0%         3d5*      100%        5
 Manifold Assault         Tloc           0%         N/A       100%        5
 Dispersal                Tloc           0%         N/A       100%        6
 Enfeeble                 Hex            0%         N/A       100%        7
 Call Imp                 Summ           Unusable   N/A       N/A         2
 Tukima's Dance           Hex            Unusable   N/A       N/A         3

Dungeon Overview and Level Annotations

Branches:
Dungeon (11/15)            Temple (0/1) D:7
   Lair: D:8-11         Orc: D:9-12

Altars:
Gozag
Hepliaklqana
Nemelex Xobeh
Okawaru
Uskayaw
Vehumet
Wu Jian
Yredelemnul

Shops:
D:6 =((:?   D:9 =   D:10 *

Annotations:
D:10 3 runed translucent doors, Gargoyl's ghost, journeyman GnAK


Innate Abilities, Weirdness & Mutations

You are immune to sickness and miasma.
Your stone body is resilient. (AC +8)
You are immune to poison.
You resist negative energy. (rN+)
You are resistant to electric shocks. (rElec)
You are resistant to unholy torment.
You are immune to petrification.


Message History

You block the eight-headed hydra's attack.
The eight-headed hydra barely misses you.
The eight-headed hydra closely misses you.
The eight-headed hydra bites you but does no damage. x2
The eight-headed hydra closely misses you.
You completely miss the eight-headed hydra.
The eight-headed hydra is lightly wounded.
You block the eight-headed hydra's attack.
The eight-headed hydra closely misses you.
The eight-headed hydra bites you but does no damage.
The eight-headed hydra bites you!
The eight-headed hydra barely misses you.
The eight-headed hydra bites you but does no damage.
The eight-headed hydra bites you! The eight-headed hydra bites you.
You sock the eight-headed hydra!
The eight-headed hydra is moderately wounded.
The eight-headed hydra bites you.
You block the eight-headed hydra's attack. x2
The eight-headed hydra bites you. The eight-headed hydra bites you!
The eight-headed hydra bites you but does no damage.
The eight-headed hydra bites you! x2
You barely miss the eight-headed hydra.
The eight-headed hydra is moderately wounded.
The eight-headed hydra bites you but does no damage.
The eight-headed hydra bites you.
* * * LOW HITPOINT WARNING * * *
The eight-headed hydra bites you but does no damage. x4
The eight-headed hydra bites you!
* * * LOW HITPOINT WARNING * * *
The eight-headed hydra closely misses you.
You sock the eight-headed hydra!
The eight-headed hydra is heavily wounded.
The eight-headed hydra misses you.
The eight-headed hydra barely misses you.
The eight-headed hydra bites you.
* * * LOW HITPOINT WARNING * * *
The eight-headed hydra completely misses you.
The eight-headed hydra bites you but does no damage.
The eight-headed hydra bites you!
You die...

##.##.#..###......
#..##...#..###...(..
###..##.#...#..###......
#.#..##...#...#..###....
.....##.#...#..##.# ##..
.....##...#..####.# ##
#.##.##.#.=####..##
#.#..##..####..####
...#.######..##D@##
.....# #..##((####
.....# ..##.(## ##
..#..# ##..# .###.# ##
.....# .....# .....#
.....#


You could see an eight-headed hydra (poisoned).

Vanquished Creatures
  Erica (D:7)
  2 two-headed ogres (D:10)
  A deep troll (D:7)
  A manticore (D:9)
  2 kobold demonologists
  An unseen horror (D:10)
  Psyche (D:8)
  6 trolls
  2 hornets
  3 slime creatures (D:8)
  A shadow (D:9)
  A wyvern (D:11)
  A vampire (D:11)
  4 yaks (D:8)
  2 vampire mosquitoes
  Grum (D:10)
  A steam dragon (D:8)
  2 water moccasins (D:7)
  4 orc warriors
  A sky beast (D:6)
  2 ice beasts
  2 black bears
  An ogre (D:6)
  2 wolves (D:10)
  3 centaurs
  4 kobold brigands
  3 bullfrogs
  2 scorpions
  14 wights
  9 killer bees
  2 howler monkeys
  7 hounds
  2 gnoll shamans
  A jelly (D:8)
  5 orc priests
  2 iguanas
  10 orc wizards
  10 gnolls
  4 adders
  A shadow imp (D:7)
  2 white imps
  An ufetubus (D:6)
  2 worms
  4 dart slugs (D:1)
  31 orcs
  4 ball pythons
  8 endoplasms
  3 giant cockroaches (D:3)
  7 goblins
  5 hobgoblins
  2 jackals (D:1)
  22 kobolds
  5 quokkas
  7 bats
  8 frilled lizards
  4 rats
239 creatures vanquished.

Notes
Turn   | Place    | Note
-------+----------+-------------------------------------------
     0 | D:1      | Dabor the Gargoyle Fighter began the quest for the Orb.
     0 | D:1      | Reached XP level 1. HP: 14/14 MP: 1/1
    23 | D:1      | Reached XP level 2. HP: 15/19 MP: 2/2
   315 | D:1      | Reached XP level 3. HP: 23/23 MP: 3/3
   885 | D:2      | Reached XP level 4. HP: 29/29 MP: 4/4
  1202 | D:2      | Found a faded altar of an unknown god.
  1452 | D:2      | Prayed at the altar of an unknown god.
  1452 | D:2      | Became a worshipper of Warmaster Okawaru
  1452 | D:2      | Reached * piety under Okawaru
  1578 | D:3      | Found an opulent altar of Gozag.
  1693 | D:3      | Reached XP level 5. HP: 33/33 MP: 5/5
  2729 | D:4      | Got Sif Muna's Grimoire of Dislocation
  2822 | D:4      | Noticed an orc warrior
  2838 | D:4      | Reached XP level 6. HP: 36/39 MP: 3/6
  2843 | D:4      | Killed an orc warrior
  2844 | D:4      | Reached skill level 1 in Invocations
  3237 | D:5      | Entered Level 5 of the Dungeon
  3415 | D:5      | Noticed an ice beast
  3427 | D:5      | HP: 1/40 [ice beast (12)]
  3434 | D:5      | Killed an ice beast
  3434 | D:5      | Reached ** piety under Okawaru
  3435 | D:5      | Reached skill level 5 in Fighting
  3435 | D:5      | Reached skill level 5 in Armour
  3435 | D:5      | Reached skill level 5 in Shields
  3435 | D:5      | Reached XP level 7. HP: 6/44 MP: 5/8
  3624 | D:5      | Found a hide-covered altar of Uskayaw.
  3685 | D:5      | You fall into a shaft and drop 2 floors!
  3708 | D:7      | Found a radiant altar of Vehumet.
  3747 | D:7      | Found a staircase to the Ecumenical Temple.
  3777 | D:6      | Reached skill level 1 in Dodging
  4202 | D:6      | Reached XP level 8. HP: 20/50 MP: 10/10
  4265 | D:6      | Found Nuppix's Magic Scroll Boutique.
  4273 | D:6      | Bought a scroll of magic mapping for 49 gold pieces
  4273 | D:6      | Bought a scroll of identify for 28 gold pieces
  4273 | D:6      | Bought a scroll of summoning for 133 gold pieces
  4306 | D:6      | Reached *** piety under Okawaru
  4388 | D:6      | Reached skill level 5 in Maces & Flails
  4674 | D:6      | Found Ijuonun's Antique Weapon Emporium.
  4704 | D:6      | Found Quodanuh's Antique Weapon Shop.
  5021 | D:6      | Reached XP level 9. HP: 47/56 MP: 12/12
  5071 | D:6      | Found Ticarghablo's Book Emporium.
  5294 | D:6      | Found Dulefefi's Jewellery Boutique.
  5508 | D:7      | Noticed a two-headed ogre
  5674 | D:7      | Noticed a deep troll
  5674 | D:7      | a two-headed ogre changed into a deep troll
  5732 | D:7      | HP: 4/84 [deep troll (10)]
  5742 | D:7      | Killed a deep troll
  5742 | D:7      | Reached **** piety under Okawaru
  5743 | D:7      | Reached skill level 5 in Invocations
  6523 | D:7      | Found a hazy altar of Hepliaklqana.
  6789 | D:8      | Noticed Erica
  6843 | D:8      | Reached ***** piety under Okawaru
  6916 | D:7      | Killed Erica
  6917 | D:7      | Reached XP level 10. HP: 41/64 MP: 14/14
  6982 | D:8      | Found a basalt altar of Yredelemnul.
  7512 | Arena    | Entered the Arena
  7799 | D:8      | Reached skill level 5 in Dodging
  8150 | D:8      | Noticed Psyche
  8161 | D:8      | Killed Psyche
  8603 | D:9      | Noticed a kobold demonologist
  8615 | D:8      | Reached skill level 1 in Throwing
  8615 | D:8      | Reached skill level 1 in Evocations
  8639 | D:9      | Noticed a kobold demonologist
  8646 | Arena    | Entered the Arena
  8657 | Arena    | Noticed a rust devil
  8659 | Arena    | Killed a kobold demonologist
  8689 | D:9      | Reached XP level 11. HP: 69/69 MP: 14/16
  8717 | D:9      | HP: 1/69 [slime creature (12)]
  8822 | D:8      | Received a gift from Okawaru
  8936 | D:9      | Noticed a manticore
  8947 | D:9      | Killed a manticore
  9309 | D:9      | Found Qanungek's One-of-a-Kind Rings.
  9443 | D:9      | Found an ornate altar of the Wu Jian Council.
  9616 | D:9      | Found a sparkling altar of Nemelex Xobeh.
  9749 | D:10     | Entered Level 10 of the Dungeon
 10237 | D:10     | Found Pouw's General Store.
 10238 | D:10     | Found a runed translucent gate.
 10238 | D:10     | Found a runed translucent gate.
 10238 | D:10     | Found a runed translucent gate.
 10238 | D:10     | Noticed Gargoyl's ghost (journeyman GnAK)
 10324 | D:10     | Bought a wand of iceblast (6) for 130 gold pieces
 10412 | D:10     | Noticed Grum
 10412 | D:10     | Noticed a two-headed ogre
 10432 | D:10     | Killed a two-headed ogre
 10456 | D:10     | Killed Grum
 10660 | D:10     | Noticed a two-headed ogre
 10678 | D:10     | Killed a two-headed ogre
 11292 | D:11     | Noticed a boulder beetle
 11389 | D:11     | Received a gift from Okawaru
 11464 | D:11     | Noticed an eight-headed hydra
 11474 | D:11     | Mangled by an eight-headed hydra

Illustrated notes

Levels and vault maps discovered:
D:1:      eino_arrival_water_star, layout_rooms
D:2:      layout_loops_ring, dreamdust_ecumenical_altar_hidden_monk_grotto
D:3:      layout_loops_ring, grunt_gozag_breadcrumbs
D:4:      layout_basic
D:5:      layout_loops_ring, mainiacjoe_overflow_alcove_2
D:6:      layout_loops_ring, serial_shops, nicolae_square_shop,
          nicolae_shop_statue_plus, nicolae_shop_crystal,
          nicolae_inconvenience_store, nicolae_square_shop,
          minmay_tree_intersection, minivault_27
D:7:      layout_gridville, lemuel_coloured_pillars_altar,
          mainiacjoe_overflow_small_starburst,
          minmay_temple_entry_statues_fountains, kennysheep_small_spiral,
          minmay_crystal_room
D:8:      minmay_bubble_buster, layout_loops_ring,
          mainiacjoe_overflow_cross_hatched, serial_rivers,
          chequers_serial_rivers_micro_d, chequers_serial_rivers_small_a,
          chequers_serial_rivers_room_b, chequers_serial_rivers_large_a,
          chequers_serial_rivers_small_b, uniq_psyche, uniq_erica
D:9:      minmay_bloctagon_deflated, layout_cave_pools,
          nemelex_spade_bored_becter, nicolae_wu_jian_immortal_techniques,
          nicolae_shop_unique_rings
D:10:     layout_gridville, serial_shops, shop, gammafunk_ghost_spectres,
          uniq_grum
D:11:     minmay_the_grid_triangle_9x9_recursive_3
          [minmay_the_grid_triangle_9x9_subtriangle,
          minmay_the_grid_triangle_9x9_shrine,
          minmay_the_grid_triangle_9x9_odd_lines,
          minmay_the_grid_triangle_9x9_prize_insulated,
          minmay_the_grid_triangle_9x9_stretched_checkered,
          minmay_the_grid_triangle_9x9_fully_insulated_deathbox,
          minmay_the_grid_triangle_9x9_checkered,
          minmay_the_grid_triangle_9x9_steps,
          minmay_the_grid_triangle_9x9_sparse_checkered], layout_cross,
          david_lair_shrubbed, minmay_stone_trees_medium

Skill      XL: |  1  2  3  4  5  6  7  8  9 10 11 |
---------------+----------------------------------+-----
Armour         | 4 5 6 7 8 9 |  9.5
Fighting       | 4 5 6 7 8 9 |  9.4
Shields        | 4 5 |  5.0
Maces & Flails | 3 4 5 6 7 8 |  8.3
Invocations    | 1 3 4 6 7 8 |  8.1
Dodging        | 1 2 4 5 6 |  6.0
Throwing       | 1 3 |  3.2
Evocations     | 1 3 |  3.2

Action                   |  1- 3 |  4- 6 |  7- 9 | 10-12 || total
-------------------------+-------+-------+-------+-------++-------
Melee: Flail             |   102 |    39 |       |   457 ||   598
       Whip              |       |   196 |   678 |    97 ||   971
       Hand axe          |       |       |       |    21 ||    21
Throw: Dart              |       |       |       |    58 ||    58
       Javelin           |       |       |       |     8 ||     8
Invok: Heroism           |       |     2 |     6 |     8 ||    16
       Duel              |       |       |       |     2 ||     2
       Finesse           |       |       |       |     2 ||     2
Evoke: Wand              |       |       |     2 |       ||     2
  Use: Potion            |       |     1 |    11 |     3 ||    15
       Scroll            |       |       |    14 |     6 ||    20
Armor: Scale mail        |    55 |    97 |   240 |   233 ||   625
       Skin              |       |       |    71 |       ||    71
       Troll leather arm |       |       |       |   310 ||   310
Dodge: Dodged            |    55 |    80 |   356 |   636 ||  1127
Block: Buckler           |    24 |    48 |   151 |   184 ||   407

Table legend: (Time is in decaauts)
 A = Elapsed time spent in this place.
 B = Non-inter-level travel time spent in this place.
 C = Inter-level travel time spent in this place.
 D = Time resting spent in this place.
 E = Time spent auto-exploring this place.
 F = Levels seen in this place.
 G = Mean time per level.
                   A        B        C        D        E       F      G
               +--------+--------+--------+--------+--------+-----+--------+
         Total |  11416 |  10385 |   1031 |    455 |   6528 |  13 |  878.2 |
       Dungeon |  11335 |  10304 |   1031 |    436 |   6528 |  11 | 1030.5 |
         Arena |     81 |     81 |      0 |     19 |      0 |   2 |   40.5 |
               +--------+--------+--------+--------+--------+-----+--------+

Top non-repeatable levels by time:
     D:8: 1707 daAuts
     D:7: 1587 daAuts
    D:10: 1403 daAuts
     D:6: 1201 daAuts
     D:4: 1112 daAuts
     D:5: 952 daAuts
     D:2: 915 daAuts
     D:9: 817 daAuts
     D:3: 791 daAuts
     D:1: 692 daAuts
    D:11: 152 daAuts
   Arena: 81 daAuts
